 Dungeon Crawl Stone Soup version 0.28-a0-1506-g3893175d92 (webtiles) character file.

Game seed: 10053619120131385397

94509 blank1 the Slayer (level 15, -1/128 HPs)
             Began as a Minotaur Fighter on Jan 13, 2022.
             Was the Champion of Okawaru.
             Killed by divine providence
             ... invoked by a daeva
              (16 damage)
             ... on level 3 of the Abyss.
             The game lasted 00:55:52 (29077 turns).

blank1 the Slayer (Minotaur Fighter)               Turns: 29077, Time: 00:55:52

Health: -1/128     AC: 20    Str: 32    XL:     15   Next: 63%
Magic:  11/15      EV: 10    Int:  5    God:    Okawaru [******]
Gold:   1923       SH: 17    Dex: 12    Spells: 14/14 levels left

rFire   . . .      SeeInvis .   a - +9 mace of the Valley of Death {venom, rN+}
rCold   + . .      Faith    .   N - +2 tower shield of Dim Light {-Tele rPois Regen+ rCorr}
rNeg    + . .      Spirit   .   F - +0 chain mail {rC+}
rPois   +          Reflect  .   p - +2 hat {Stlth+}
rElec   .          Harm     .   P - scarf {shadows}
rCorr   +          Rampage  .   o - +0 pair of gloves
Will    +....      Archmagi +   G - +2 pair of boots
Stlth   .......... NoTele   +   K - amulet of the acrobat
HPRegen 1.11/turn               L - +6 ring of strength
MPRegen 0.14/turn               J - ring of the Mage {Wiz Archmagi}

@: finesse-ful, glowing
A: horns 2, retaliatory headbutt, [frail 2], [low mp 2]
a: Renounce Religion, Heroism, Finesse, Duel


You were on level 3 of the Abyss.
You worshipped Okawaru.
Okawaru was exalted by your worship.
You visited 2 branches of the dungeon, and saw 20 of its levels.
You visited the Abyss 1 time.
You also visited: Ice Cave.

You collected 1923 gold pieces.

Inventory:

Hand Weapons
 a - the +9 mace of the Valley of Death (weapon) {venom, rN+}
   (You found it on level 5 of the Dungeon)

   It poisons the flesh of those it strikes.
   rN:        It protects you from negative energy.
 r - a +6 flail of protection
Missiles
 w - a throwing net (quivered)
Armour
 k - a +4 scale mail of fire resistance
 o - a +0 pair of gloves (worn)
 p - a +2 hat of stealth (worn)
 F - a +0 chain mail of cold resistance (worn)
 G - a +2 pair of boots (worn)
 N - the +2 tower shield of Dim Light (worn) {-Tele rPois Regen+ rCorr}
   (Okawaru gifted it to you on level 6 of the Lair of Beasts)

   rPois:     It protects you from poison.
   -Tele:     It prevents most forms of teleportation.
   Regen:     It increases your rate of health regeneration.
   rCorr:     It protects you from acid and corrosion.
 P - a scarf of shadows (worn)
Jewellery
 I - a ring of resist corrosion
 J - the ring of the Mage (right hand) {Wiz Archmagi}
   (You found it in an ice cave)

   [ring of wizardry]

   It improves your spell success rate.
   Archmagi:  It increases the power of your magical spells.
 K - an amulet of the acrobat (around neck)
 L - a +6 ring of strength (left hand)
Wands
 t - a wand of mindburst (18)
 x - a wand of iceblast (6)
 E - a wand of acid (2)
 M - a wand of paralysis (6)
Scrolls
 c - 3 scrolls of holy word
 e - 4 scrolls of vulnerability
 f - 6 scrolls of enchant armour
 h - 3 scrolls of immolation
 n - 8 scrolls of teleportation
 s - 3 scrolls of fear
 u - 4 scrolls of enchant weapon
 y - 3 scrolls of blinking
 z - 6 scrolls of identify
 C - a scroll of magic mapping
Potions
 b - 8 potions of mutation
 d - 4 potions of might
 g - 3 potions of haste
 i - 2 potions of berserk rage
 j - 16 potions of curing
 l - 5 potions of heal wounds
 m - 9 potions of brilliance
 q - 2 potions of attraction
 v - 4 potions of cancellation
 A - 3 potions of flight
 B - 2 potions of magic
 D - a potion of ambrosia
 H - 2 potions of resistance


   Skills:
 - Level 22.0 Fighting
 - Level 14.0 Maces & Flails
 + Level 14.0 Armour
 - Level 10.0 Dodging
 - Level 10.0 Shields
 + Level 8.1 Invocations


You had 14 spell levels left.
You didn't know any spells.
Your spell library contained the following spells:

 Spells                   Type           Power      Damage    Failure   Level
 Apportation              Tloc           0%         N/A       98%         1
 Pain                     Necr           0%         1d4       98%         1
 Sting                    Tmut/Pois      0%         1d3       98%         1
 Ensorcelled Hibernation  Hex/Ice        0%         N/A       99%         2
 Passwall                 Tmut/Erth      0%         N/A       99%         2
 Poisonous Vapours        Pois/Air       0%         N/A       99%         2
 Sublimation of Blood     Necr           0%         N/A       99%         2
 Wereblood                Tmut           0%         N/A       99%         2
 Frozen Ramparts          Ice            0%         1d2       100%        3
 Ignite Poison            Fire/Tmut/Pois 0%         N/A       100%        3
 Inner Flame              Hex/Fire       0%         N/A       100%        3
 Mephitic Cloud           Conj/Pois/Air  0%         N/A       100%        3
 Swiftness                Air            0%         N/A       100%        3
 Cause Fear               Hex            0%         N/A       100%        4
 Dispel Undead            Necr           0%         3d6       100%        4
 Olgreb's Toxic Radiance  Pois           0%         N/A       100%        4
 Petrify                  Tmut/Erth      0%         N/A       100%        4
 Freezing Cloud           Conj/Ice/Air   0%         6-21      100%        5
 Irradiate                Conj/Tmut      0%         3d13      100%        5
 Discord                  Hex            0%         N/A       100%        8
 Animate Skeleton         Necr           Unusable   N/A       N/A         1
 Summon Small Mammal      Summ           Unusable   N/A       N/A         1
 Summon Hydra             Summ           Unusable   N/A       N/A         7

Dungeon Overview and Level Annotations

Branches:
Dungeon (14/15) Temple (0/1) D:6 Lair (6/6) D:8 Shoals (0/4) Lair:4 Spider (0/4) Lair:3 Slime (0/5) Lair:5 Orc (0/2) D:10 Vaults (0/5) D:12 D:13 IceCv (visited)

Altars:
Ashenzari
Okawaru
Qazlal
Trog
Yredelemnul
Beogh
Jiyva
Lugonu

Shops:
D:7 ?   D:10 !

Portals:
Abyss: Lair:6

Annotations:
D:12 exclusion: orange crystal statue
D:14 Louise


Innate Abilities, Weirdness & Mutations

You have a pair of horns on your head.
You reflexively headbutt those who attack you in melee.
[You are very frail. (-20% HP)]
[Your magical capacity is very low. (-20% MP)]


Message History

The daeva blocks your attack.
The daeva is moderately wounded.
You hit the daeva.
The daeva is moderately wounded.
The daeva hits you with a +2 scimitar of holy wrath.
* * * LOW HITPOINT WARNING * * *
The daeva hits you with a +2 scimitar of holy wrath!
* * * LOW HITPOINT WARNING * * *
You closely miss the daeva. You headbutt the daeva.
The daeva is moderately wounded.
The daeva blocks your attack.
The daeva is heavily wounded.
The daeva closely misses you. The daeva hits you but does no damage.
The daeva blocks your attack. x2
The daeva is heavily wounded.
The daeva blocks your attack.
The daeva is heavily wounded.
You block the daeva's attack. The daeva hits you but does no damage.
The daeva blocks your attack.
The daeva is heavily wounded.
The daeva blocks your attack.
Your headbutt misses the daeva.
The daeva is heavily wounded.
The daeva hits you with a +2 scimitar of holy wrath!
* * * LOW HITPOINT WARNING * * *
The daeva hits you but does no damage.
You thump the daeva!
The daeva is heavily wounded.
The daeva blocks your attack.
You headbutt the daeva, but do no damage.
The daeva is heavily wounded.
You block the daeva's attack.
The daeva hits you with a +2 scimitar of holy wrath.
* * * LOW HITPOINT WARNING * * *
You hit the daeva but do no damage. Your headbutt misses the daeva.
The daeva is heavily wounded.
The daeva blocks your attack.
Your headbutt misses the daeva.
The daeva is heavily wounded.
The daeva calls down the wrath of the Shining One upon you.
The Shining One smites you!
You die...

### ##
#.# # .
... #.
#####.
#...# .#
# ##.#.
#.#. . #
#.. ... .
. #. .#
#..# .
####..#..
##.. .
##A#...
..## . ..
#@#
#....#.
.. # ###
#.#..# ..
.# .. ..
... #.#
#.. . .
#..


You could see a daeva (very poisoned).

Vanquished Creatures
  Agnes (D:14)
  Nessos (D:13)
  Azrael (D:13)
  A white draconian (IceCv)
  Snorg (D:10)
  3 boulder beetles
  Harold (D:10)
  9 hydras
  An ice dragon (D:14)
  An ogre mage (D:10)
  2 centaur warriors
  The ghost of Xenoroth the Cleaver, a novice MiFi of Okawaru (D:10)
  Erica (D:9)
  12 death yaks
  6 two-headed ogres
  2 thrashing horrors (Lair:6)
  The ghost of fragbeetle the Cudgeller, a novice TrBe of Trog (D:7)
  A wretched star (Abyss:3)
  3 large abominations (Lair:6)
  2 harpies (shapeshifter)
  2 deep elf pyromancers
  2 ugly things
  2 orc knights
  7 cyclopes
  17 slime creatures
  A worldbinder (Abyss:3)
  A manticore (D:14)
  20 elephants
  A molten gargoyle (Lair:4)
  2 smoke demons (Lair:6)
  3 ice statues
  11 black mambas
  A gargoyle (D:11)
  20 cane toads
  2 torpor snails
  Maggie (D:9)
  9 komodo dragons
  A freezing wraith (D:13)
  A kobold demonologist (D:10)
  2 unseen horrors
  6 rime drakes
  2 ice devils (Lair:3)
  An efreet (D:12)
  5 trolls
  A polar bear (D:14)
  3 ancient zymes
  Prince Ribbit (D:5)
  Grinder (D:6)
  A hornet (Lair:4)
  26 blink frogs
  Sigmund (D:6)
  42 yaks
  2 spriggans (Lair:6)
  2 wraiths
  3 shadows
  2 ynoxinuls (Lair:6)
  16 humans (D:12)
  2 vampires (D:12)
  6 wyverns
  4 fire elementals (D:13)
  A basilisk (shapeshifter) (Lair:6)
  A chaos spawn (Lair:6)
  2 steam dragons
  11 small abominations
  2 basilisks
  A neqoxec (Abyss:3)
  A redback (Lair:3)
  Menkaure (D:4)
  7 vampire mosquitoes
  Edmund (D:4)
  An acid dragon (D:9)
  15 water moccasins
  A hell hound (D:13)
  A hornet zombie (D:9)
  5 orc warriors
  2 sky beasts
  4 ice beasts
  2 black bears
  2 ogres
  3 necrophages
  18 centaurs
  25 wolves
  A phantom (D:5)
  21 bullfrogs
  A scorpion (D:6)
  A gnoll sergeant (D:8)
  A wyvern zombie (D:7)
  A wyvern skeleton (D:7)
  A water moccasin skeleton (D:2)
  9 killer bees
  3 lindwurm simulacra (IceCv)
  4 howler monkeys
  5 electric eels
  4 jellies
  4 centaur zombies
  9 komodo dragon simulacra (IceCv)
  2 bullfrog skeletons
  4 hounds
  11 orc priests
  2 centaur skeletons
  Terence (D:2)
  Jessica (D:3)
  3 iguanas
  17 orc wizards
  2 killer bee zombies
  A hound skeleton (D:5)
  A howler monkey skeleton (D:7)
  3 howler monkey zombies
  Robin (D:2)
  4 adders
  3 gnolls (D:8)
  3 acid dragon simulacra (IceCv)
  A shadow imp (D:7)
  3 white imps
  6 steam dragon simulacra (IceCv)
  A worm (D:5)
  2 dart slugs
  22 orcs
  2 endoplasms
  2 giant cockroaches
  5 hobgoblins
  7 jackals
  4 kobolds
  A ball python (D:1)
  2 bats (D:2)
  6 frilled lizards
  15 goblins
  4 rats (D:1)
  A butterfly (Lair:4)
  A lurking horror (Abyss:3)
600 creatures vanquished.

Vanquished Creatures (others)
  An orc wizard (D:12)
  25 fungi
  43 plants
  2 starspawn tentacles (Abyss:3)
71 creatures vanquished.

Grand Total: 671 creatures vanquished

Notes
Turn   | Place    | Note
-------+----------+-------------------------------------------
     0 | D:1      | blank1 the Minotaur Fighter began the quest for the Orb.
     0 | D:1      | Reached XP level 1. HP: 19/19 MP: 0/0
    83 | D:1      | Found a faded altar of an unknown god.
   436 | D:1      | Reached XP level 2. HP: 27/27 MP: 1/1
   952 | D:2      | Reached skill level 1 in Dodging
  1001 | D:2      | Reached skill level 4 in Fighting
  1001 | D:2      | Reached XP level 3. HP: 33/33 MP: 2/2
  1007 | D:2      | Reached XP level 4. HP: 32/40 MP: 3/3
  1125 | D:2      | Noticed Terence
  1132 | D:2      | Killed Terence
  1230 | D:2      | Reached XP level 5. HP: 45/47 MP: 4/4
  1287 | D:2      | Noticed Robin
  1297 | D:2      | Killed Robin
  1940 | D:3      | Reached skill level 5 in Fighting
  1940 | D:3      | Reached skill level 5 in Maces & Flails
  2043 | D:3      | Noticed Jessica
  2051 | D:3      | Killed Jessica
  2540 | D:4      | Reached XP level 6. HP: 55/56 MP: 5/5
  2610 | D:4      | Reached skill level 6 in Fighting
  2686 | D:4      | Noticed Menkaure
  2693 | D:4      | Killed Menkaure
  3021 | D:4      | Found an iron altar of Okawaru.
  3032 | D:4      | Became a worshipper of Warmaster Okawaru
  3062 | D:4      | Reached XP level 7. HP: 64/64 MP: 6/6
  3174 | D:4      | Reached skill level 1 in Invocations
  3598 | D:4      | Noticed Edmund
  3608 | D:4      | Killed Edmund
  3609 | D:4      | Reached skill level 7 in Fighting
  3754 | D:5      | Entered Level 5 of the Dungeon
  3780 | D:5      | Identified the +9 mace of the Valley of Death {venom, rN+}
  3792 | D:5      | Reached * piety under Okawaru
  3830 | D:5      | Found a bloodstained altar of Trog.
  3896 | D:5      | Reached XP level 8. HP: 49/73 MP: 7/9
  4077 | D:5      | Reached ** piety under Okawaru
  4078 | D:5      | Reached skill level 8 in Fighting
  4191 | D:5      | Noticed Prince Ribbit
  4201 | D:5      | Killed Prince Ribbit
  4202 | D:5      | Reached skill level 5 in Armour
  4786 | D:6      | Noticed Grinder
  4788 | D:6      | Noticed Sigmund
  4828 | D:6      | Reached XP level 9. HP: 79/82 MP: 10/10
  4899 | D:6      | Killed Sigmund
  4900 | D:6      | Reached skill level 9 in Fighting
  4906 | D:6      | Reached *** piety under Okawaru
  4915 | D:6      | Found a staircase to the Ecumenical Temple.
  4949 | D:6      | Killed Grinder
  5383 | D:6      | Found a basalt altar of Yredelemnul.
  5842 | D:7      | Found a runed translucent gate.
  5842 | D:7      | Found a runed translucent gate.
  5844 | D:7      | Found a runed translucent gate.
  5846 | D:7      | Noticed a troll
  5847 | D:7      | Noticed fragbeetle's ghost (novice TrBe)
  5860 | D:7      | Reached skill level 10 in Fighting
  5860 | D:7      | Reached skill level 10 in Maces & Flails
  5884 | D:7      | Killed an unseen horror
  5884 | D:7      | Reached **** piety under Okawaru
  5893 | D:7      | Reached skill level 5 in Dodging
  6258 | D:7      | Found Juatigit's Magic Scroll Boutique.
  6610 | D:7      | Reached XP level 10. HP: 94/94 MP: 11/11
  6790 | D:7      | Killed fragbeetle's ghost
  6790 | D:7      | Reached ***** piety under Okawaru
  6791 | D:7      | Reached skill level 11 in Fighting
  7415 | D:8      | Found a staircase to the Lair.
  7629 | D:8      | Reached skill level 12 in Fighting
  8679 | D:8      | Identified the +0 chain mail "Siojues" {-Cast Str+3}
                  | (Okawaru gifted it to you on level 8 of the Dungeon)
  8679 | D:8      | Received a gift from Okawaru
  9033 | D:9      | Noticed Erica
  9478 | D:9      | Killed Erica
  9479 | D:9      | Reached XP level 11. HP: 104/104 MP: 12/12
  9518 | D:9      | Noticed Maggie
  9536 | D:9      | Killed Maggie
  9774 | D:10     | Entered Level 10 of the Dungeon
  9774 | D:10     | Found Vaas's Distillery.
  9791 | D:10     | Noticed Snorg
  9807 | D:10     | Killed Snorg
  9808 | D:10     | Reached skill level 10 in Armour
 10107 | D:10     | Noticed a two-headed ogre
 10109 | D:10     | Noticed a two-headed ogre
 10116 | D:10     | Killed a two-headed ogre
 10117 | D:10     | Reached skill level 5 in Invocations
 10121 | D:10     | Killed a two-headed ogre
 10347 | D:10     | Found a transporter.
 10348 | D:10     | Noticed a two-headed ogre
 10349 | D:10     | Noticed a two-headed ogre
 10349 | D:10     | Noticed a two-headed ogre
 10349 | D:10     | Noticed an orc knight
 10358 | D:10     | Found a stormy altar of Qazlal.
 10358 | D:10     | Noticed Xenoroth's ghost (novice MiFi)
 10403 | D:10     | Found a staircase to the Orcish Mines.
 10535 | D:10     | Noticed an ogre mage
 10545 | D:10     | Found a transporter.
 10556 | D:10     | Identified the +1 robe of Rokhux {rF+ Dex+4}
 10630 | D:10     | Noticed a soul eater
 10816 | D:10     | Noticed Harold
 10825 | D:10     | Killed Harold
 11186 | D:10     | HP: 2/106 [ice beast[an ice statue] (7)]
 11188 | D:10     | Reached skill level 13 in Fighting
 11854 | D:11     | Received a gift from Okawaru
 12211 | D:11     | Noticed a boulder beetle
 12225 | D:11     | Killed a boulder beetle
 12226 | D:11     | Reached skill level 14 in Fighting
 12765 | D:11     | Reached XP level 12. HP: 108/117 MP: 14/14
 13590 | D:10     | Killed a two-headed ogre
 13607 | D:10     | Killed a two-headed ogre
 13611 | D:10     | Killed a two-headed ogre
 13611 | D:10     | Received a gift from Okawaru
 13651 | D:10     | Killed an ogre mage
 13999 | D:10     | Killed Xenoroth's ghost
 14000 | D:10     | Reached skill level 10 in Dodging
 14409 | Lair:1   | Entered Level 1 of the Lair of Beasts
 14540 | Lair:1   | Noticed a seven-headed hydra
 14545 | Lair:1   | Killed a seven-headed hydra
 14557 | Lair:1   | Reached skill level 5 in Shields
 15913 | Lair:1   | Reached XP level 13. HP: 104/124 MP: 15/17
 16155 | Lair:1   | Identified the +2 short sword "Gunekapi" {elec, rElec rN+
                  | Int+2}
 16440 | Lair:2   | Reached ****** piety under Okawaru
 16761 | Lair:2   | Identified the +2 robe of Submission {rC+ Will+ Stlth+}
                  | (Okawaru gifted it to you on level 2 of the Lair of Beasts)
 16761 | Lair:2   | Received a gift from Okawaru
 16762 | Lair:2   | Reached skill level 15 in Fighting
 17601 | Lair:2   | Reached skill level 16 in Fighting
 18071 | Lair:3   | Found a frozen archway.
 18131 | IceCv    | Entered an ice cave
 18938 | IceCv    | Reached skill level 17 in Fighting
 19248 | IceCv    | Noticed a white draconian
 19256 | IceCv    | Found the ring of the Mage {Wiz Archmagi}
 19267 | IceCv    | Killed a white draconian
 19830 | Lair:3   | Found a hole to the Spider Nest.
 19934 | Lair:3   | Received a gift from Okawaru
 20197 | Lair:3   | Reached skill level 18 in Fighting
 20622 | Lair:3   | Found a broken altar of Ashenzari.
 21015 | Lair:4   | Found a staircase to the Shoals.
 21070 | Lair:4   | Reached XP level 14. HP: 103/143 MP: 18/18
 21285 | Lair:4   | Identified the +7 flail of the Feather {freeze, *Slow
                  | Int+8}
 21530 | Lair:3   | Received a gift from Okawaru
 22913 | Lair:5   | Received a gift from Okawaru
 23277 | Lair:5   | Found a viscous altar of Jiyva.
 23277 | Lair:5   | Found a staircase to the Slime Pits.
 24047 | Lair:6   | Entered Level 6 of the Lair of Beasts
 24095 | Lair:5   | Reached skill level 19 in Fighting
 24408 | Lair:6   | Identified the +2 tower shield of Dim Light {-Tele rPois
                  | Regen+ rCorr} (Okawaru gifted it to you on level 6 of the
                  | Lair of Beasts)
 24408 | Lair:6   | Received a gift from Okawaru
 25232 | Lair:6   | Reached skill level 20 in Fighting
 25726 | Lair:6   | Reached XP level 15. HP: 154/155 MP: 20/20
 25730 | Lair:6   | Upgraded the game from 0.28-a0-1493-g08698888e4 to
                  | 0.28-a0-1506-g3893175d92
 26018 | Lair:6   | Found a corrupted altar of Lugonu.
 26018 | Lair:6   | Found a one-way gate to the infinite horrors of the Abyss.
 26036 | Lair:6   | Reached skill level 10 in Shields
 26038 | Lair:6   | Got Xyotutu's Papyrus of Snow and Venom
 26458 | D:12     | Got the Guide on Sinister Arts and Beguiling
 26475 | D:12     | Received a gift from Okawaru
 27347 | D:13     | Noticed Nessos
 27347 | D:13     | Found a gate to the Vaults.
 27469 | D:12     | Reached skill level 21 in Fighting
 27493 | D:13     | Killed Nessos
 27643 | D:13     | Noticed Azrael
 27660 | D:13     | Killed Azrael
 27818 | D:13     | Received a gift from Okawaru
 28101 | D:13     | HP: 6/158 [titanic slime creature (72)]
 28728 | D:14     | Found the +8 frozen axe "Frostbite" {freezing cloud, *Noise
                  | Fly rC+}
 28729 | D:14     | Noticed Agnes
 28744 | D:14     | Killed Agnes
 28758 | D:14     | Noticed Louise
 28760 | D:14     | Reached skill level 22 in Fighting
 28899 | D:14     | Cast into level 3 of the Abyss (Louise)
 29017 | Abyss:3  | Noticed a tentacled starspawn
 29036 | Abyss:3  | Noticed a daeva
 29077 | Abyss:3  | Killed from afar by a daeva

Illustrated notes

Levels and vault maps discovered:
D:1:      dpeg_arrival_tiny_a, layout_loops_corners, basic_ecumenical_altar,
          wander_ebering_terrifying_dragon_lair
D:2:      wad_crossroads, layout_basic, uniq_terence, uniq_robin
D:3:      layout_loops_ring, minmay_misc_feat_hallway,
          ebering_dispersal_statue_hall, uniq_jessica
D:4:      layout_loops_corners, mainiacjoe_overflow_cross_hatched,
          minmay_misc_feat_square, uniq_menkaure, uniq_edmund
D:5:      layout_gridville, bloody_trog, minmay_fractal_squares_5,
          uniq_prince_ribbit1
D:6:      layout_rooms, mainiacjoe_overflow_alcove_2,
          minmay_temple_entry_enclosed_plants, centaur_isle, uniq_grinder,
          uniq_sigmund
D:7:      layout_basic, gammafunk_ghost_split, serial_shops, shop,
          grunt_ministairs_8, minmay_misc_feat_nine_boxes
D:8:      layout_loops_ring, erik_lair_island, hex_tiny, feat_on_display
D:9:      layout_irregular_city, uniq_maggie, uniq_erica
D:10:     layout_irregular_city, nicolae_qazlal_scattered_showers,
          minmay_orc_entry_temple_small, serial_shops, nicolae_stop_n_shop_1,
          nzn_ghost_randoct, minmay_misc_feat_rows, small_statue_alley_a,
          minivault_16, minmay_misc_feat_encased, uniq_snorg, uniq_harold
D:11:     layout_loops_ring
D:12:     layout_irregular_city, nrook_pool_corridor, minivault_16
D:13:     layout_rooms, david_vaults_3, serial_rivers,
          chequers_serial_rivers_small_b, chequers_serial_rivers_micro_b,
          chequers_serial_rivers_marsh, chequers_serial_rivers_micro_a,
          uniq_azrael
D:14:     minmay_coctagon, layout_basic, special_room [special_room_bee],
          serial_shops, shop, nicolae_shop_hallway_plus,
          nicolae_shop_statue_plus, nicolae_square_shop,
          nicolae_shop_bloodbath_and_beyond, corexii_corridor_pit, uniq_louise,
          uniq_agnes
Lair:1:   layout_loops_ring, grunt_megastairs_4, infiniplex_staircase_pool
Lair:2:   layout_regular_city, chequers_serial_rivers_micro_d
Lair:3:   layout_regular_city, spider_nest_entry_webs, serial_rivers,
          chequers_serial_rivers_marsh, chequers_serial_rivers_small_b,
          chequers_serial_rivers_micro_c, chequers_serial_rivers_large_a,
          chequers_serial_rivers_marsh, portal_ice_cave_demonic_guard,
          basic_altar, beast_lair_carwin_7
Lair:4:   layout_gridlike, shoals_dummy_entry, st_stairs_8, grunt_megastairs_1,
          lemuel_fruit_fields
Lair:5:   layout_gridlike, dpeg_slime_entry_enclosed_altar,
          amcnicky_mini_pool_medium
Lair:6:   hellmonk_lair_end_abyssal_woods, layout_cave_pods
Abyss:3:  base: Lair:1, evilmike_abyss_exit_14, hangedman_relentless_pull,
          hangedman_relentless_pull, evilmike_abyss_exit_3,
          hangedman_relentless_pull

Skill      XL: |  1  2  3  4  5  6  7  8  9 10 11 12 13 14 15 |
---------------+----------------------------------------------+-----
Dodging        | 1 2 4 5 6 7 10 | 10.0
Fighting       | 4 5 6 7 8 10 12 14 18 20 22 | 22.0
Maces & Flails | 3 4 5 6 7 8 10 12 13 14 | 14.0
Armour         | 4 6 8 9 10 12 14 | 14.0
Shields        | 4 6 8 10 | 10.0
Invocations    | 2 3 5 6 7 8 |  8.1

Action                   |  1- 3 |  4- 6 |  7- 9 | 10-12 | 13-15 || total
-------------------------+-------+-------+-------+-------+-------++-------
Melee: Flail             |    47 |   104 |    21 |       |       ||   172
       Headbutt          |     6 |    16 |    29 |   136 |   341 ||   528
       Mace              |       |       |   161 |   590 |  1255 ||  2006
Invok: Heroism           |       |       |     1 |     4 |     4 ||     9
       Finesse           |       |       |       |     1 |     2 ||     3
Evoke: Wand              |       |       |       |     8 |       ||     8
  Use: Scroll            |       |     5 |     4 |    11 |     6 ||    26
       Potion            |       |       |       |     2 |     1 ||     3
Armor: Scale mail        |    17 |    46 |   104 |   214 |    89 ||   470
       Skin              |       |       |       |    38 |       ||    38
       Chain mail        |       |       |       |       |   420 ||   420
Dodge: Dodged            |    11 |    46 |    95 |   250 |   539 ||   941
Block: Buckler           |    10 |    25 |    34 |   142 |   125 ||   336
       Tower shield      |       |       |       |       |   659 ||   659

Table legend: (Time is in decaauts)
 A = Elapsed time spent in this place.
 B = Non-inter-level travel time spent in this place.
 C = Inter-level travel time spent in this place.
 D = Time resting spent in this place.
 E = Time spent auto-exploring this place.
 F = Levels seen in this place.
 G = Mean time per level.
                   A        B        C        D        E       F      G
               +--------+--------+--------+--------+--------+-----+--------+
         Total |  28861 |  27783 |   1078 |   5587 |  16847 |  22 | 1311.9 |
       Dungeon |  16987 |  16183 |    804 |   2933 |  10276 |  14 | 1213.4 |
          Lair |  10317 |  10043 |    274 |   1831 |   6298 |   6 | 1719.5 |
         Abyss |    168 |    168 |      0 |     15 |      0 |   1 |  168.0 |
      Ice Cave |   1387 |   1387 |      0 |    808 |    273 |   1 | 1387.0 |
               +--------+--------+--------+--------+--------+-----+--------+

Top non-repeatable levels by time:
    D:10: 2453 daAuts
  Lair:1: 1999 daAuts
  Lair:3: 1949 daAuts
  Lair:6: 1859 daAuts
     D:8: 1688 daAuts
  Lair:4: 1663 daAuts
  Lair:2: 1556 daAuts
    D:11: 1480 daAuts
     D:7: 1441 daAuts
   IceCv: 1387 daAuts
     D:4: 1346 daAuts
     D:9: 1315 daAuts
    D:12: 1294 daAuts
  Lair:5: 1288 daAuts
     D:6: 1172 daAuts
